 Dungeon Crawl Stone Soup version 0.30-a0-347-gf58ed5266c (webtiles) character file.

Game seed: 5293122503521988143

105 pokeman the Magician (level 4, 0/25 HPs)
             Began as a Deep Elf Hedge Wizard on Nov 5, 2022.
             Slain by a water moccasin (4 damage)
             ... on level 7 of the Dungeon.
             The game lasted 00:04:31 (4136 turns).

pokeman the Magician (Deep Elf Hedge Wizard)        Turns: 4136, Time: 00:04:31

Health: 0/25       AC:  4    Str:  7    XL:     4   Next: 53%
Magic:  4/13       EV: 12    Int: 21    God:
Gold:   255        SH:  0    Dex: 14    Spells: 6/14 levels left

rFire   . . .      SeeInvis .    a - +0 dagger
rCold   . . .      Faith    .    (no shield)
rNeg    . . .      Spirit   .    e - +0 leather armour
rPois   .          Reflect  .    n - +0 helmet
rElec   .          Harm     .    (no cloak)
rCorr   .          Rampage  .    (no gloves)
Will    .....                    (no boots)
Stlth   ++........               (no amulet)
HPRegen 0.24/turn                (no ring)
MPRegen 0.13/turn                (no ring)

@: on blink cooldown
A: no striking features
a: no special abilities


You were on level 7 of the Dungeon.
You visited 2 branches of the dungeon, and saw 6 of its levels.

You collected 255 gold pieces.

Inventory:

Hand Weapons
 a - a +0 dagger (weapon)
Armour
 c - a +0 hat
 e - a +0 leather armour (worn)
 n - a +0 helmet (worn)
Wands
 v - a wand of acid (3)
Scrolls
 b - 2 scrolls of blinking {unknown}
 g - a scroll of vulnerability {unknown}
 h - a scroll of butterflies {unknown}
 i - 7 scrolls of identify {unknown}
 m - 3 scrolls of noise {unknown}
 p - a scroll of enchant weapon {unknown}
 q - 2 scrolls of summoning {unknown}
 r - a scroll of fear {unknown}
 s - 4 scrolls of teleportation {unknown}
 t - 4 scrolls of magic mapping {unknown}
 u - 2 scrolls of silence {unknown}
 w - a scroll of immolation {unknown}
Potions
 d - a potion of magic
 f - 3 potions of lignification {unknown}
 j - a potion of berserk rage {unknown}
 k - a potion of brilliance {unknown}
 l - 2 potions of heal wounds {unknown}
 o - a potion of resistance {unknown}
 x - a potion of cancellation {unknown}
 z - a potion of curing {unknown}


   Skills:
 - Level 1.0 Fighting
 - Level 1.0 Armour
 + Level 2.7 Dodging
 + Level 2.8 Stealth
 * Level 5.8 Spellcasting
 + Level 2.3 Conjurations
 - Level 1.1 Summonings
 - Level 1.1 Translocations


You had 6 spell levels left.
You knew the following spells:

 Your Spells              Type           Power      Damage    Failure   Level
a - Magic Dart            Conj           60%        1d6       5%          1
b - Mephitic Cloud        Conj/Pois/Air  9%         N/A       32%         3
c - Call Imp              Summ           10%        N/A       14%         2
d - Blink                 Tloc           20%        N/A       14%         2

Your spell library contained the following spells:

 Spells                   Type           Power      Damage    Failure   Level
 Slow                     Hex            24%        N/A       14%         1
 Cigotuvi's Dreadful Rot  Necr/Pois/Air  12%        N/A       22%         2


Dungeon Overview and Level Annotations

Branches:
Dungeon (7/15)             Temple (1/1) D:7

Altars:
Ashenzari
Dithmenos
Hepliaklqana
Kikubaaqudgha
Nemelex Xobeh
Okawaru
Qazlal
Ru
Sif Muna
Trog
Zin

Shops:
D:2 *


Message History

Confirm with . or Enter, or press ? or * to list all spells.
Aiming: Magic Dart (safe; 5% risk of failure)
Press: ? - help, Shift-Dir - straight line, f/p - water moccasin
Aim: a water moccasin (moderately wounded, 100% to hit)
The magic dart hits the water moccasin.
The water moccasin is heavily wounded.
The water moccasin bites you! The water moccasin misses you.
Casting: Magic Dart (safe; 5% risk of failure)
Confirm with . or Enter, or press ? or * to list all spells.
Aiming: Magic Dart (safe; 5% risk of failure)
Press: ? - help, Shift-Dir - straight line, f/p - water moccasin
Aim: a water moccasin (heavily wounded, 100% to hit)
The magic dart hits the water moccasin but does no damage.
The water moccasin is heavily wounded.
The water moccasin misses you.
Casting: Magic Dart (safe; 5% risk of failure)
Confirm with . or Enter, or press ? or * to list all spells.
Aiming: Magic Dart (safe; 5% risk of failure)
Press: ? - help, Shift-Dir - straight line, f/p - water moccasin
Aim: a water moccasin (heavily wounded, 100% to hit)
The magic dart hits the water moccasin.
The water moccasin is severely wounded.
The water moccasin bites you.
* * * LOW HITPOINT WARNING * * *
Unknown command.
Unknown command.
Casting: Magic Dart (safe; 5% risk of failure)
Confirm with . or Enter, or press ? or * to list all spells.
You blink.
The water moccasin bites you.
* * * LOW HITPOINT WARNING * * *
Unknown command.
Casting: Blink (safe; 14% risk of failure)
Confirm with . or Enter, or press ? or * to list all spells.
Aiming: Magic Dart (safe; 5% risk of failure)
Press: ? - help, Shift-Dir - straight line, f/p - water moccasin
Aim: a water moccasin (severely wounded, 100% to hit)
The magic dart hits the water moccasin.
The water moccasin is severely wounded.
The water moccasin bites you.
You die...

#.....# ###.### .. . #...#
#. #.# #.⌠.# #.. ###..
#...# #... ... . .
###.#######...#####.##....
#.#...............§....#
................S......#
#.##............@....#.#
#.#######.#....####.## ..
..# #... .. . #.# #.. ...
#.# #. ### #.# # ..# ###


You could see a water moccasin.

Vanquished Creatures
  4 adders
  A shadow imp (D:7)
  A worm (D:3)
  An orc (D:3)
  3 endoplasms
  4 giant cockroaches
  9 goblins
  2 hobgoblins
  4 quokkas
  10 ball pythons
  6 bats
  4 frilled lizards (D:1)
  7 kobolds
  2 rats
58 creatures vanquished.

Notes
Turn   | Place    | Note
-------+----------+-------------------------------------------
     0 | D:1      | pokeman the Deep Elf Hedge Wizard began the quest for the
                  | Orb.
     0 | D:1      | Reached XP level 1. HP: 10/10 MP: 7/7
   421 | D:1      | Reached XP level 2. HP: 15/15 MP: 6/9
  1432 | D:2      | Reached skill level 5 in Spellcasting
  1432 | D:2      | Reached XP level 3. HP: 20/20 MP: 6/11
  1438 | D:2      | Learned a level 3 spell: Mephitic Cloud
  1441 | D:2      | Learned a level 2 spell: Call Imp
  1444 | D:2      | Learned a level 2 spell: Blink
  1667 | D:2      | Found Fogaolom's Assorted Antiques.
  1672 | D:2      | Reached skill level 1 in Fighting
  2005 | D:2      | Reached skill level 1 in Armour
  2775 | D:3      | Found a bloodstained altar of Trog.
  2817 | D:3      | Reached XP level 4. HP: 17/25 MP: 5/13
  3712 | D:4      | You fall into a shaft and drop 3 floors!
  3712 | D:7      | Found a staircase to the Ecumenical Temple.
  3716 | Temple   | Entered the Ecumenical Temple
  4127 | D:7      | Noticed a water moccasin
  4136 | D:7      | Slain by a water moccasin

Illustrated notes

Levels and vault maps discovered:
D:1:      minmay_arrival_four_houses, layout_loops_corners
D:2:      layout_basic, serial_shops, nicolae_shop_hallway_plus,
          minmay_goblin_kobold_house
D:3:      layout_loops_ring, lightli_temple_of_fire
D:4:      layout_cave_pods, mainiacjoe_overflow_concentric_impassable,
          nicolae_overflow_squiral
D:7:      layout_loops_cross, minmay_temple_entry_antechambers,
          ebering_ghost_reflecting_pool
Temple:   jpeg_temple_alley_garden

Skill      XL: |  1  2  3 |
---------------+----------+-----
Spellcasting   | 5 |  5.8
Fighting       | 1 |  1.0
Armour         | 1 |  1.0
Conjurations   | 2 |  2.3
Dodging        | |  2.7
Stealth        | |  2.8
Summonings     | |  1.1
Translocations | |  1.1

Action                   |  1- 3 |  4- 6 || total
-------------------------+-------+-------++-------
 Cast: Magic Dart        |   108 |    47 ||   155
       Blink             |       |     1 ||     1
Armor: Leather armour    |     9 |     4 ||    13
Dodge: Dodged            |    20 |     5 ||    25

Table legend: (Time is in decaauts)
 A = Elapsed time spent in this place.
 B = Non-inter-level travel time spent in this place.
 C = Inter-level travel time spent in this place.
 D = Time resting spent in this place.
 E = Time spent auto-exploring this place.
 F = Levels seen in this place.
 G = Mean time per level.
                   A        B        C        D        E       F      G
               +--------+--------+--------+--------+--------+-----+--------+
         Total |   4135 |   4013 |    122 |      0 |   3670 |   6 |  689.2 |
       Dungeon |   3904 |   3836 |     68 |      0 |   3514 |   5 |  780.8 |
        Temple |    230 |    176 |     54 |      0 |    156 |   1 |  230.0 |
               +--------+--------+--------+--------+--------+-----+--------+

Top non-repeatable levels by time:
     D:1: 1374 daAuts
     D:2: 1316 daAuts
     D:3: 938 daAuts
  Temple: 230 daAuts
     D:7: 193 daAuts
     D:4: 81 daAuts
